 Dungeon Crawl Stone Soup version 0.23.1-37-gaa34b87b72 (webtiles) character file.

Game seed: 14669441094040021334

21 MisterOstroum the Ducker (level 2, 0/16 HPs)
             Began as a Spriggan Abyssal Knight on Mar 26, 2019.
             Was a Follower of Lugonu.
             Slain by an orc wizard
             ... wielding a +0 dagger
              (2 damage)
             ... on level 6 of the Dungeon.
             The game lasted 00:03:59 (1478 turns).

MisterOstroum the Ducker (Spriggan Abyssal Knight)  Turns: 1478, Time: 00:03:59

Health: 0/16       AC:  2    Str:  8    XL:     2   Next: 65%
Magic:  4/4        EV: 18    Int: 13    God:    Lugonu [*.....]
Gold:   39         SH:  0    Dex: 15    Spells: 1/1 levels left

rFire    . . .     SeeInvis +   a - +1 short sword
rCold    . . .     Gourm    .   (shield restricted)
rNeg     . . .     Faith    .   b - +0 robe
rPois    .         Spirit   .   (helmet restricted)
rElec    .         Reflect  .   (no cloak)
rCorr    .         Harm     .   (gloves unavailable)
MR       .....                  (boots unavailable)
Stlth    +.........             (no amulet)
HPRegen  0.05/turn              (no ring)
MPRegen  0.09/turn              (no ring)

@: very quick
A: very small, unfitting armour, see invisible, herbivore, speed 3, slow
metabolism 2
a: Depart the Abyss, Renounce Religion


You were on level 6 of the Dungeon.
You worshipped Lugonu.
Lugonu was aware of your devotion.
You were not hungry.

You visited 1 branch of the dungeon, and saw 6 of its levels.
You visited the Abyss 1 time.

You collected 39 gold pieces.

Inventory:

Hand Weapons
 a - a +1 short sword (weapon)
 d - a +2 spear of flaming
Missiles
 i - 60 stones (quivered)
 m - 14 poisoned needles
Armour
 b - a +0 robe (worn)
Scrolls
 f - 3 scrolls of identify {unknown}
 g - a scroll of random uselessness {unknown}
 j - 2 scrolls of enchant weapon {unknown}
 n - a scroll of fog {unknown}
 o - a scroll of remove curse {unknown}
Potions
 e - a potion of might {unknown}
 h - 2 potions of mutation {unknown}
 k - a potion of resistance {unknown}
 l - a potion of agility {unknown}
Comestibles
 c - 6 rations


   Skills:
 + Level 2.9 Fighting
 + Level 3.0 Short Blades
 - Level 3.5 Dodging
 - Level 1.7 Invocations


You had one spell level left.
You didn't know any spells.
Your spell library was empty.

Dungeon Overview and Level Annotations

Branches:
Dungeon (6/15)
 Temple: D:4-7

Altars:

Annotations:
D:4 Menkaure


Innate Abilities, Weirdness & Mutations

You are very small and have problems with some larger weapons.
You are too small for most types of armour.
You have supernaturally acute eyesight. (SInv)
You are a herbivore.
You cover ground extremely quickly.
You need to consume almost no food.


Message History

Found a scroll labeled AHUMICH NOSYI.
The bullfrog zombie hits you.
You hit the bullfrog zombie.
The bullfrog zombie is lightly damaged.
The bullfrog zombie hits you.
You barely miss the bullfrog zombie.
The bullfrog zombie is lightly damaged.
The bullfrog zombie closely misses you. The orc barely misses you.
You hit the bullfrog zombie.
The bullfrog zombie is moderately damaged.
The bullfrog zombie closely misses you. The bullfrog zombie hits you.
* * * LOW HITPOINT WARNING * * *
You hit the bullfrog zombie.
The bullfrog zombie is moderately damaged.
The orc misses you. The bullfrog zombie barely misses you.
You hit the bullfrog zombie.
The bullfrog zombie is heavily damaged.
The bullfrog zombie closely misses you.
The orc wizard hits you with a +0 dagger.
You die...

# # #Z .# #.
### .#
..#....#
o#o#.?# ....
####.#####.#
#oooZ.....[#
#@#.#.######
#.Z.#.....#
#.###...#.#
#. #.###.# #
#.. # ###


You could see an orc wizard, 2 orcs, a bullfrog zombie and a centaur skeleton.

Vanquished Creatures
  An ooze (D:2)
  A giant cockroach (D:1)
  4 goblins
  2 hobgoblins (D:1)
  2 kobolds (D:1)
  2 bats
  3 frilled lizards (D:1)
  2 rats (D:2)
17 creatures vanquished.

Notes
Turn   | Place    | Note
-------+----------+-------------------------------------------
     0 | Abyss:1  | MisterOstroum the Spriggan Abyssal Knight began the quest
                  | for the Orb.
     0 | Abyss:1  | Reached XP level 1. HP: 11/11 MP: 3/3
    34 | D:1      | Escaped the Abyss
   711 | D:1      | Reached XP level 2. HP: 16/16 MP: 4/4
   837 | D:1      | Reached * piety under Lugonu
  1445 | D:4      | Noticed Menkaure
  1458 | D:5      | Entered Level 5 of the Dungeon
  1478 | D:6      | Slain by an orc wizard

Skill      XL: |  1  2 |
---------------+-------+-----
Short Blades   | 3 |  3.0
Fighting       | |  2.9
Dodging        | |  3.5
Invocations    | |  1.7

Action                   || total
-------------------------++-------
Melee: Short sword       ||    61
Throw: Stone             ||    13
Invok: Depart the Abyss  ||     1
 Stab: Sleeping          ||     2
Armor: Robe              ||     4
Dodge: Dodged            ||    43
